 Dungeon Crawl Stone Soup version 0.19.0-9-gfd783f2 (webtiles) character file.

4403 mistymad the Zephyrmancer (level 10, -5/84 HPs)
             Began as a Tengu Air Elementalist on Nov 7, 2016.
             Was an Initiate of Sif Muna.
             Slain by a hornet (9 damage)
             ... on level 9 of the Dungeon.
             The game lasted 00:34:54 (10821 turns).

mistymad the Zephyrmancer (Tengu Air Elementalist) Turns: 10821, Time: 00:34:54

Health: -5/84      AC: 25    Str:  9    XL:     10   Next: 35%
Magic:  0/23       EV:  2    Int: 19    God:    Sif Muna [......]
Gold:   279        SH:  4    Dex: 14    Spells: 4 memorised, 15 levels left

rFire  . . .     SeeInvis +     B - +4 broad axe of Moderation {flame, SInv}
rCold  + . .     Gourm    .     (armour currently unavailable)
rNeg   + + +     Faith    .     (no shield)
rPois  +         Spirit   .     (helmet currently unavailable)
rElec  .         Reflect  +     (cloak currently unavailable)
rCorr  .         Harm     .     (gloves currently unavailable)
MR     .....     NoTele   +     (boots unavailable)
Stlth  ++........               q - +4 amulet of reflection
                                s - ring of protection from cold
                                o - +2 ring of evasion

@: tree-form (expiring), repel missiles
A: (beak), (talons 0), able to fly 1
a: Fly, Renounce Religion


You were on level 9 of the Dungeon.
You worshipped Sif Muna.
Sif Muna was noncommittal.
You were not hungry.
You were a tree.
You visited 2 branches of the dungeon, and saw 10 of its levels.

You collected 503 gold pieces.
You spent 224 gold pieces at shops.

Inventory:

Hand Weapons
 j - a +1 dagger of venom
 B - the +4 broad axe of Moderation (weapon) {flame, SInv}
   (You bought it in a shop on level 6 of the Dungeon)

   It has been specially enchanted to burn those struck by it, causing extra
   injury to most foes and up to half again as much damage against particularly
   susceptible opponents.
   Big, fiery blades are also staple armaments of hydra-hunters.
   It lets you see invisible.
Missiles
 m - a throwing net (quivered)
Armour
 a - a +0 robe (melded)
 r - a cursed +0 buckler
 G - the +3 cloak of Qaanof (melded) {rF+}
   (You found it on level 7 of the Dungeon)

   It protects you from fire.
Magical Staves
 y - an uncursed staff of earth
Jewellery
 o - a +2 ring of evasion (left branch)
 q - a +4 amulet of reflection (around neck)
 s - a ring of protection from cold (right branch)
Wands
 e - a wand of acid (5/15)
 p - a wand of slowing (33/48)
 u - a wand of acid (13/15)
 w - a wand of confusion (20/48)
 E - a wand of polymorph (7/24)
 H - a wand of paralysis (12/24)
 J - a wand of random effects (25/48)
 L - a wand of iceblast (7/15)
Scrolls
 h - 3 scrolls of amnesia
 t - a scroll of noise
 v - 2 scrolls of magic mapping
 x - 3 scrolls of remove curse
 z - 3 scrolls of teleportation
 D - a scroll of identify
Potions
 d - 2 potions of magic
 f - a potion of ambrosia
 g - 2 potions of agility
 l - a potion of lignification
 n - 5 potions of flight
 A - 2 potions of brilliance {unknown}
 C - a potion of degeneration {unknown}
 F - 2 potions of heal wounds {unknown}
 I - a potion of invisibility
Books
 b - a book of Air

   Spells                             Type                      Level
   a - Shock                          Conjuration/Air              1
   b - Swiftness                      Charms/Air                   2
   c - Repel Missiles                 Charms/Air                   2
   d - Static Discharge               Conjuration/Air              3
   e - Lightning Bolt                 Conjuration/Air              5
Comestibles
 c - 7 bread rations
 k - 3 meat rations


   Skills:
 + Level 4.0 Fighting
 - Level 2.1 Dodging
 - Level 2.0 Stealth
 + Level 8.0 Spellcasting
 + Level 10.5 Conjurations
 + Level 11.0 Air Magic


You had 15 spell levels left.
You knew the following spells:

 Your Spells              Type           Power        Failure   Level  Hunger
a - Shock                 Conj/Air       ####         1%          1    None
b - Repel Missiles        Chrm/Air       ####..       1%          2    None
c - Swiftness             Chrm/Air       ####....     1%          2    None
d - Lightning Bolt        Conj/Air       #####.....   3%          5    #####..


Dungeon Overview and Level Annotations

Branches:
Dungeon (9/15)             Temple (1/1) D:6
   Lair: D:8-11         Orc: D:9-12

Altars:
Ashenzari
Cheibriados
Dithmenos
Elyvilon
Fedhas
Gozag
Hepliaklqana
Kikubaaqudgha
Makhleb
Nemelex Xobeh
Okawaru
Qazlal
Ru
Sif Muna
Trog
Uskayaw
Xom
Yredelemnul
Zin
The Shining One

Shops:
D:5 (   D:6 *

Annotations:
D:7 ReniFell's ghost, novice VSFi


Innate Abilities, Weirdness & Mutations

((You have a beak for a mouth.))
((You have claws for feet.))
You can fly.


Message History

The hornet is severely wounded.
You feel yourself speed up.
The hornet stings you but does no damage. x2
The ogre hits you but does no damage.
You now have 0/23 mp.
You cannot move.
The hornet stings you but does no damage.
You block the hornet's attack. The ogre hits you with a giant club.
* * * LOW HITPOINT WARNING * * *
You take 5 damage, and have 7/84 hp.
You feel better.
The hornet stings you but does no damage.
You regained 5 hp, and now have 12/84 hp.
Unknown command.
The hornet stings you.
* * * LOW HITPOINT WARNING * * *
The ogre hits you with a giant club.
* * * LOW HITPOINT WARNING * * *
The hornet stings you!
You die...

..........
..........
#.........# ###
#.........# ...#
#.........#.)..#
#.........#[...#
#..?...Oy.)....#
###....$.)♣[#
#.....)...).#
#......).)..####
#......(.......#
#.....#[########
#.... #[....#
#... #.....# #..
#(....# ##
#.....#


You could see a hornet and an ogre.

Vanquished Creatures
  Pikel (D:7)
  Joseph (D:7)
  2 yaks
  Eustachio (D:5)
  Duvessa (D:6)
  An ice beast (D:6)
  A sky beast (D:8)
  An orc warrior (D:9)
  A black bear (D:8)
  A slave (D:7)
  4 ogres
  4 phantoms
  5 centaurs
  4 bullfrogs
  5 scorpions
  Dowan (D:6)
  A howler monkey (D:7)
  A crimson imp (D:6)
  6 hounds
  A bullfrog zombie (D:8)
  A centaur zombie (D:5)
  A jelly (D:6)
  A gnoll shaman (D:5)
  2 orc priests
  Ijyb (D:2)
  6 worker ants
  3 orc wizards
  2 hound zombies
  A hound skeleton (D:4)
  A howler monkey zombie (D:6)
  9 gnolls (D:5)
  17 adders
  A howler monkey skeleton (D:6)
  A shadow imp (D:4)
  3 oozes
  2 adder zombies
  3 adder skeletons
  4 leopard geckos
  42 orcs
  7 bats
  2 bat zombies (D:6)
  6 giant cockroaches
  7 goblins
  5 hobgoblins
  8 jackals
  4 kobolds
  A ball python (D:2)
  4 frilled lizards
  A quokka zombie (D:5)
  8 rats
197 creatures vanquished.

Vanquished Creatures (others)
  An orc (D:7)
1 creature vanquished.

Grand Total: 198 creatures vanquished

Notes
Turn   | Place    | Note
-------+----------+-------------------------------------------
     0 | D:1      | mistymad the Tengu Air Elementalist began the quest for the Orb.
     0 | D:1      | Reached XP level 1. HP: 10/10 MP: 4/4
   317 | D:1      | Reached XP level 2. HP: 15/15 MP: 1/6
   800 | D:2      | Reached XP level 3. HP: 19/19 MP: 2/7
   904 | D:2      | Learned a level 2 spell: Repel Missiles
   908 | D:2      | Learned a level 2 spell: Swiftness
  1064 | D:2      | Reached XP level 4. HP: 20/24 MP: 5/9
  1261 | D:2      | Noticed Ijyb
  1286 | D:2      | Killed Ijyb
  1286 | D:2      | Reached skill level 5 in Air Magic
  1491 | D:2      | Gained mutation: You can fly. [Tengu growth]
  1491 | D:2      | Reached XP level 5. HP: 28/28 MP: 4/10
  1816 | D:3      | Found a glowing drain.
  1833 | D:3      | Learned a level 5 spell: Lightning Bolt
  1933 | D:3      | Found a shattered altar of Ashenzari.
  2597 | D:4      | Reached XP level 6. HP: 25/32 MP: 6/12
  2649 | D:4      | Noticed a phantom
  2812 | D:4      | Reached skill level 5 in Conjurations
  2812 | D:4      | Reached skill level 6 in Air Magic
  2982 | D:4      | Killed a phantom
  2982 | D:4      | Reached XP level 7. HP: 14/36 MP: 4/14
  3749 | D:5      | Entered Level 5 of the Dungeon
  3760 | D:5      | Found Eczottaw's Weapon Emporium.
  3762 | D:5      | Noticed Eustachio
  3882 | D:5      | Found a shadowy altar of Dithmenos.
  4129 | D:5      | Reached skill level 7 in Air Magic
  4384 | D:5      | Reached skill level 5 in Spellcasting
  4766 | D:5      | Killed Eustachio
  4766 | D:5      | Reached XP level 8. HP: 11/41 MP: 2/17
  4992 | D:5      | HP: 2/41 [gnoll/halberd of pain (13)]
  5809 | D:5      | Reached skill level 8 in Air Magic
  5859 | D:5      | Found a faded altar of an unknown god.
  5859 | D:5      | Found a faded altar of an unknown god.
  5909 | D:5      | Found a faded altar of an unknown god.
  5913 | D:5      | Found a faded altar of an unknown god.
  5915 | D:5      | Found a hazy altar of Hepliaklqana.
  6025 | D:6      | Found a staircase to the Ecumenical Temple.
  6035 | Temple   | Entered the Ecumenical Temple
  6226 | D:6      | Noticed Duvessa
  6443 | D:6      | Found Cozxadgh's Assorted Antiques.
  6560 | D:6      | Bought a small golden amulet for 80 gold pieces
  6561 | D:6      | Bought a crude broad axe for 144 gold pieces
  6562 | D:6      | Identified the +4 broad axe of Moderation {flame, SInv} (You bought it in a shop on level 6 of the Dungeon)
  6646 | D:6      | Noticed Dowan
  6650 | D:6      | Killed Dowan
  6676 | D:6      | HP: 2/41 [poisoned by Dowan]
  6681 | D:6      | Killed Duvessa
  6681 | D:6      | Reached skill level 9 in Air Magic
  6681 | D:6      | Reached XP level 9. HP: 3/45 MP: 1/19
  6682 | D:6      | HP: 2/45 [poisoned by Dowan]
  7034 | D:6      | Found a sparkling altar of Nemelex Xobeh.
  7965 | D:6      | Found an ancient bone altar of Kikubaaqudgha.
  8177 | D:7      | Got a polished hand axe
  8178 | D:7      | Identified the +8 hand axe of Feiluap {chop, Dex+5} (You found it on level 7 of the Dungeon)
  8196 | D:7      | Noticed Joseph
  8204 | D:7      | Killed Joseph
  8204 | D:7      | Reached skill level 1 in Fighting
  8272 | D:7      | Reached skill level 10 in Air Magic
  8518 | D:7      | Noticed Pikel
  8520 | D:7      | Killed Pikel
  8613 | D:7      | Noticed ReniFell's ghost (novice VSFi)
  9021 | D:7      | Got an encrusted cloak
  9032 | D:7      | Identified the +3 cloak of Qaanof {rF+} (You found it on level 7 of the Dungeon)
  9433 | D:8      | Reached skill level 10 in Conjurations
  9433 | D:8      | Reached XP level 10. HP: 56/56 MP: 6/22
  9780 | D:8      | Found a deep blue altar of Sif Muna.
  9889 | D:8      | Found an iron altar of Okawaru.
  9891 | D:8      | Found an opulent altar of Gozag.
  9893 | D:8      | Became a worshipper of Sif Muna the Loreminder
 10596 | D:9      | Reached skill level 11 in Air Magic
 10821 | D:9      | HP: 4/84 [ogre/giant club (3)]
 10821 | D:9      | Slain by a hornet

Skill      XL: |  1  2  3  4  5  6  7  8  9 10 |
---------------+-------------------------------+-----
Conjurations   | 2 3 4 5 6 8 10 | 10.5
Spellcasting   | 3 4 5 6 7 8 |  8.0
Air Magic      | 5 6 7 9 10 11 | 11.0
Fighting       | 3 4 |  4.0
Dodging        | |  2.1
Stealth        | |  2.0

Action                   |  1- 3 |  4- 6 |  7- 9 | 10-12 || total
-------------------------+-------+-------+-------+-------++-------
Melee: Unarmed           |     7 |       |       |       ||     7
       Kick              |     1 |     1 |     3 |     8 ||    13
       Peck              |     1 |       |     2 |     6 ||     9
       Dagger            |     2 |     5 |    20 |       ||    27
       Broad axe         |       |       |     8 |    30 ||    38
 Cast: Shock             |    40 |   123 |   241 |    86 ||   490
       Repel Missiles    |     1 |       |     1 |       ||     2
       Lightning Bolt    |       |       |    28 |    12 ||    40
  Use: Scroll            |       |     8 |     7 |     2 ||    17
       Potion            |       |     4 |     3 |     3 ||    10
 Stab: Invisible         |       |       |     1 |       ||     1
       Sleeping          |       |       |       |     1 ||     1
  Eat: Chunk             |     1 |     6 |    24 |     5 ||    36
       Fruit             |       |       |     1 |       ||     1
       Meat ration       |       |       |     1 |       ||     1
       Beef jerky        |       |       |     1 |       ||     1
Armor: Robe              |     3 |     8 |    28 |    11 ||    50
       Skin              |       |       |       |    19 ||    19
Dodge: Dodged            |    10 |    45 |    98 |    45 ||   198
       Deflected         |       |     1 |     6 |       ||     7
Block: Other             |       |       |     7 |     8 ||    15
       Reflection        |       |       |     2 |       ||     2
